 Dungeon Crawl Stone Soup version 0.29-b1-12-g9e2288ab2a (webtiles) character file.

Game seed: 15663018995415345598

37 gelatine the Firebug (level 3, 0/24 HPs)
             Began as a Demonspawn Fire Elementalist on Aug 24, 2022.
             Was an Initiate of Sif Muna.
             Slain by Sigmund
             ... wielding a +0 scythe
              (10 damage)
             ... on level 2 of the Dungeon.
             The game lasted 00:03:36 (2131 turns).

gelatine the Firebug (Demonspawn Fire Elementalist) Turns: 2131, Time: 00:03:36

Health: 0/24       AC:  2    Str: 14    XL:     3   Next: 21%
Magic:  2/6        EV: 12    Int: 18    God:    Sif Muna [......]
Gold:   50         SH:  0    Dex: 13    Spells: 5/6 levels left

rFire   . . .      SeeInvis .   m - +0 quarterstaff
rCold   + . .      Faith    .   (shield currently unavailable)
rNeg    + . .      Spirit   .   a - +0 robe
rPois   .          Reflect  .   (helmet restricted)
rElec   .          Harm     .   (no cloak)
rCorr   .          Rampage  .   (no gloves)
Will    .....                   (no boots)
Stlth   ++........              (no amulet)
HPRegen 0.08/turn               o - ring "Naydghope" {rC+ Str+6}
MPRegen 0.10/turn               p - ring of positive energy

@: very slightly contaminated
A: antennae 1, foul stench 1
a: Renounce Religion


You were on level 2 of the Dungeon.
You worshipped Sif Muna.
Sif Muna was noncommittal.
You visited 1 branch of the dungeon, and saw 2 of its levels.

You collected 50 gold pieces.

Inventory:

Hand Weapons
 f - a +0 whip
 j - a +0 dagger
 m - a +0 quarterstaff (weapon)
Missiles
 n - 5 curare-tipped darts
Armour
 a - a +0 robe (worn)
Jewellery
 o - the ring "Naydghope" (left hand) {rC+ Str+6}
   (You found it on level 2 of the Dungeon)

   [ring of strength]

   Str:       It affects your strength (+6).
   rC:        It protects you from cold.
 p - a ring of positive energy (right hand)
Scrolls
 c - a scroll of poison {unknown}
 g - a scroll of silence {unknown}
 h - a scroll of identify {unknown}
 i - a scroll of amnesia {unknown}
 k - a scroll of immolation {unknown}
 l - a scroll of fear {unknown}
Potions
 b - a potion of magic
 d - a potion of mutation {unknown}
 e - a potion of invisibility {unknown}


   Skills:
 + Level 0.3 Maces & Flails
 + Level 2.0 Dodging
 + Level 1.8 Stealth
 + Level 2.3 Spellcasting
 + Level 1.1 Conjurations
 + Level 3.4 Fire Magic


You had 5 spell levels left.
You knew the following spells:

 Your Spells              Type           Power      Damage    Failure   Level
a - Foxfire               Conj/Fire      40%        2x1d6     7%          1

Your spell library contained the following spells:

 Spells                   Type           Power      Damage    Failure   Level
 Scorch                   Fire           28%        2d6       6%          2
 Conjure Flame            Conj/Fire      10%        6-21      21%         3
 Blink                    Tloc           4%         N/A       26%         2
 Inner Flame              Hex/Fire       8%         N/A       26%         3
 Lesser Beckoning         Tloc           2%         N/A       45%         3
 Flame Wave               Conj/Fire      10%        2d6       56%         4
 Manifold Assault         Tloc           2%         N/A       99%         5


Dungeon Overview and Level Annotations

Branches:
Dungeon (2/15)

Altars:
Sif Muna

Annotations:
D:2 Sigmund


Innate Abilities, Weirdness & Mutations

You have a pair of small antennae on your head.
You may rarely emit foul miasma when damaged in melee.


Message History

Found 7 stones.
The rat barely misses you.
You hit the rat.
You kill the rat!
Sif Muna accepts your kill.
Found a stone staircase leading down.
Found a plate armour.
Found a short sword.
You see here a +0 plate armour.
p - a ring of positive energy
p - a ring of positive energy (right hand)
You see here a +0 short sword.
You open the door.
Sigmund and a hobgoblin come into view.
Sigmund is wielding a +0 scythe and wearing a +1 robe of willpower.
The hobgoblin shouts!
Sigmund shouts!
Found a stone staircase leading up.
The hobgoblin closely misses you.
There is an open door here.
You conjure some foxfire!
The hobgoblin barely misses you.
Sigmund gestures wildly while chanting.
Sigmund flickers and vanishes!
Deactivating autopickup; reactivate with Ctrl-A.
You barely miss the hobgoblin.
The foxfire hits the hobgoblin.
The hobgoblin is moderately wounded.
The hobgoblin barely misses you.
You conjure some foxfire!
The hobgoblin barely misses you. Something hits you!
You sock the hobgoblin!
You kill the hobgoblin!
Sif Muna accepts your kill.
The foxfire hits something. x2; Something hits you.
You are too injured to fight recklessly!
Casting: Foxfire (safe; 7% risk of failure)
Confirm with . or Enter, or press ? or * to list all spells.
You miscast Foxfire.
You are very lightly contaminated with residual magic.
Nothing appears to happen.
Casting: Foxfire (safe; 7% risk of failure)
Confirm with . or Enter, or press ? or * to list all spells.
You conjure some foxfire!
Something hits you!
You die...

#...# #...##
##.......##
####....####.........#
...........+.....<...+
#####...####.........#
#..## #.......# #.##
#..{..# #.#### #†vv#
#....### #@# ##.....#
#.# #.#.#.# #.#
#.#>#.# ##.##
#.#.#.####.).##
#.#...........#
#.###[##.....##
#.....#.....##
########...######


There were no monsters in sight!

Vanquished Creatures
  A dart slug (D:1)
  A bat (D:2)
  An endoplasm (D:2)
  4 giant cockroaches (D:1)
  6 hobgoblins
  5 jackals (D:1)
  5 kobolds
  A quokka (D:2)
  A ball python (D:1)
  A goblin (D:1)
  4 rats
30 creatures vanquished.

Vanquished Creatures (others)
  80 foxfires
80 creatures vanquished.

Grand Total: 110 creatures vanquished

Notes
Turn   | Place    | Note
-------+----------+-------------------------------------------
     0 | D:1      | gelatine the Demonspawn Fire Elementalist began the quest
                  | for the Orb.
     0 | D:1      | Reached XP level 1. HP: 13/13 MP: 3/3
   386 | D:1      | Reached skill level 3 in Fire Magic
   488 | D:1      | Gained mutation: You have a pair of small antennae on your
                  | head. [demonic ancestry]
   488 | D:1      | Reached XP level 2. HP: 16/19 MP: 0/5
  1506 | D:1      | Gained mutation: You may rarely emit foul miasma when
                  | damaged in melee. [demonic ancestry]
  1506 | D:1      | Reached XP level 3. HP: 24/24 MP: 2/6
  1938 | D:2      | Found a shimmering blue altar of Sif Muna.
  1952 | D:2      | Became a worshipper of Sif Muna the Loreminder
  2072 | D:2      | Identified the ring "Naydghope" {rC+ Str+6}
  2124 | D:2      | Noticed Sigmund
  2131 | D:2      | Slain by Sigmund

Illustrated notes

Levels and vault maps discovered:
D:1:      matt_arrival_refuge, layout_basic, serial_glass, glass_columns_a,
          glass_columns_c, glass_columns_a, glass_columns_a, glass_columns_c,
          glass_columns_a
D:2:      layout_loops_corners, basic_altar, uniq_sigmund

Skill      XL: |  1  2 |
---------------+-------+-----
Fire Magic     | 3 |  3.4
Dodging        | 2 |  2.0
Maces & Flails | |  0.3
Stealth        | |  1.8
Spellcasting   | |  2.3
Conjurations   | |  1.1

Action                   || total
-------------------------++-------
Melee: Unarmed           ||     1
       Whip              ||    40
       Quarterstaff      ||     6
 Cast: Foxfire           ||    55
Armor: Robe              ||    10
Dodge: Dodged            ||    45
